Map: Toxic Slums

Players

SlushyStar

  • Race: Terran Terran
  • Spawn Location: 9:00

Archamond

  • Race: Protoss Protoss
  • Spawn Location: 5:00

WheresWaldo

  • Race: Protoss Protoss
  • Spawn Location: 3:00

CmdrBeaumont

  • Race: Terran Terran
  • Spawn Location: 3:00

Raynar

  • Race: Protoss Protoss
  • Spawn Location: 6:00

Throwfordays - Winner!

  • Race: Protoss Protoss
  • League: Silver
  • Spawn Location: 7:00

VOD

Have the link to the VOD?

Description

Time

  • Played on: Oct. 19, 2019, 1:18 a.m.
  • Length: 16:07
Show
View Real Time Build Order
Export as new Build Order

SlushyStar Terran 

Build Orders:  

Get SALT Encoding   

  12  0:04  SCV  
  13  0:23  Supply Depot  
  13  0:26  SCV  
  14  0:35  Refinery  
  14  0:45  Supply Depot  
  14  1:02  Barracks  
  14  1:09  SCV  
  15  1:20  Refinery  
  15  1:21  SCV  
  16  1:33  SCV  
  17  1:40  Supply Depot  
  17  1:45  SCV  
  18  1:58  SCV  
  19  2:04  Supply Depot  
  19  2:11  Marine  
  20  2:24  Bunker  
  20  2:29  Marine  
  21  2:37  Supply Depot  
  21  2:47  Marine  
  21  2:50  SCV  
  23  3:02  SCV  
  23  3:04  Marine  
  25  3:13  Engineering Bay  
  25  3:14  SCV  
  25  3:16  Supply Depot  
  26  3:22  Marine  
  26  3:26  SCV  
  28  3:38  SCV  
  28  3:40  Marine  
  30  3:49  Factory  
  30  3:50  SCV  
  30  3:52  Terran Infantry Weapons Level 1  
  31  3:58  Marine  
  31  4:02  SCV  
  33  4:16  Marine  
  34  4:38  Missile Turret  
  27  4:53  Barracks Tech Lab  
  27  4:58  Missile Turret  
  23  5:17  Factory Tech Lab  
  23  5:21  Marine, Missile Turret  
  24  5:38  Marine  
  25  5:44  Starport  
  23  5:53  SCV  
  20  5:57  Marauder  
  15  6:05  SCV  
  16  6:15  Missile Turret  
  16  6:17  SCV  
  19  6:18  Marauder  
  19  6:29  SCV  
  20  6:36  Missile Turret  
  20  6:39  Marauder  
  22  6:41  SCV  
  23  6:53  SCV  
  24  6:56  Missile Turret  
  19  7:10  Viking  
  21  7:37  Missile Turret  
Show
View Real Time Build Order
Export as new Build Order

Archamond Protoss 

Build Orders:  

Get SALT Encoding   

  12  0:34  Probe (Chrono Boost)  
  13  0:46  Probe (Chrono Boost)  
  14  0:55  Probe (Chrono Boost)  
  15  0:58  Pylon  
  15  1:11  Pylon  
  15  1:14  Assimilator  
  15  1:16  Probe (Chrono Boost)  
  16  1:18  Assimilator  
  16  1:23  Gateway  
  16  1:24  Probe (Chrono Boost)  
  17  1:30  Probe  
  18  1:42  Forge, Probe  
  19  1:54  Probe  
  20  2:06  Probe  
  21  2:18  Probe  
  22  2:24  Pylon  
  22  2:26  Pylon  
  22  2:29  Cybernetics Core  
  22  2:31  Probe  
  22  2:36  Protoss Shields Level 1  
  23  2:43  Probe  
  24  2:55  Probe  
  25  3:04  Photon Cannon  
  25  3:06  Photon Cannon x2  
  25  3:12  Photon Cannon  
  25  3:31  Stargate  
  25  3:33  Stargate  
  24  4:26  Void Ray x2 (Chrono Boost)  
  32  5:02  Protoss Air Weapons Level 1 (Chrono Boost)  
  32  6:05  Void Ray x2  
  32  6:08  Probe  
  41  6:42  Pylon  
  41  6:44  Photon Cannon  
  41  6:46  Photon Cannon  
  41  6:48  Oracle  
  41  6:52  Photon Cannon  
  44  6:54  Photon Cannon  
  44  6:58  Probe  
  44  7:00  Stargate  
  41  7:28  Void Ray (Chrono Boost)  
  41  7:29  Void Ray (Chrono Boost)  
Show
View Real Time Build Order
Export as new Build Order

WheresWaldo Protoss 

Build Orders:  

Get SALT Encoding   

  12  0:04  Probe (Chrono Boost)  
  13  0:28  Probe  
  14  0:41  Probe  
  15  0:48  Pylon  
  15  1:06  Probe (Chrono Boost)  
  16  1:16  Probe (Chrono Boost)  
  17  1:21  Probe (Chrono Boost)  
  18  1:32  Probe  
  19  1:39  Pylon  
  19  1:44  Probe  
  20  1:51  Pylon  
  20  1:52  Assimilator  
  20  1:58  Assimilator  
  20  2:26  Probe (Chrono Boost)  
  21  2:43  Probe (Chrono Boost)  
  22  2:57  Probe  
  23  3:28  Pylon  
  23  3:40  Gateway  
  23  3:42  Gateway  
  23  3:55  Forge  
  23  4:02  Pylon  
  23  4:31  Photon Cannon  
  23  4:39  Photon Cannon  
  23  4:45  Photon Cannon  
  23  4:48  Photon Cannon  
  23  4:52  Photon Cannon  
  23  4:55  Photon Cannon  
  23  5:10  Cybernetics Core  
  23  5:19  Pylon  
  23  5:28  Pylon  
  23  5:41  Pylon  
  23  5:52  Pylon  
  23  5:59  Pylon  
  23  6:05  Zealot  
  23  6:08  Stalker  
  22  6:32  Zealot  
  17  6:38  Stalker  
  18  6:57  Photon Cannon  
  18  6:59  Zealot  
  18  7:00  Photon Cannon  
  20  7:07  Photon Cannon  
  20  7:08  Stalker  
  22  7:12  Photon Cannon  
  22  7:20  Photon Cannon  
  22  7:24  Photon Cannon  
  22  7:26  Zealot  
  22  7:29  Photon Cannon  
  24  7:38  Photon Cannon, Stalker  
  24  7:43  Photon Cannon  
  26  7:51  Photon Cannon  
  26  7:53  Zealot  
  28  8:08  Stalker  
  30  8:48  Probe  
  31  9:00  Probe  
  32  9:12  Probe  
  33  9:32  Probe  
  34  9:44  Probe  
  35  9:56  Probe  
  22  10:36  Stargate  
  22  10:38  Stargate  
  22  10:41  Stargate  
  22  10:47  Stargate  
  22  10:57  Twilight Council  
  22  11:05  Warp Gate  
  22  11:06  Robotics Facility  
  22  12:06  Warp Prism  
Show
View Real Time Build Order
Export as new Build Order

CmdrBeaumont Terran 

Build Orders:  

Get SALT Encoding   

  12  0:05  SCV  
  13  0:17  SCV  
  13  0:18  Refinery  
  14  0:29  SCV  
  15  0:55  Supply Depot  
  15  1:17  SCV  
  16  1:23  Barracks  
  16  1:29  SCV  
  16  1:30  Supply Depot  
  17  1:41  SCV  
  17  1:42  Engineering Bay  
  18  1:53  SCV  
  19  1:58  Refinery  
  19  2:05  SCV, Barracks  
  20  2:14  Supply Depot  
  20  2:17  SCV  
  21  2:29  SCV, Terran Infantry Weapons Level 1  
  22  2:31  Marine  
  23  2:44  Planetary Fortress  
  23  2:49  Marine  
  24  3:01  Bunker  
  24  3:07  Marine  
  24  3:08  Barracks Reactor  
  25  3:17  Bunker  
  25  3:25  Marine  
  26  3:34  Bunker  
  26  3:42  Marine  
  26  3:48  Reaper x2, Factory  
  29  4:00  Marine  
  30  4:18  Marine  
  30  4:20  Reaper x2  
  33  4:25  Missile Turret  
  33  4:36  Marine  
  34  4:51  Factory Tech Lab  
  34  4:54  Marine  
  35  5:01  Missile Turret  
  35  5:12  Marine  
  36  5:26  Missile Turret  
  36  5:29  Marine  
  37  5:48  Missile Turret  
  37  5:53  Supply Depot  
  37  6:11  Siege Tank, Missile Turret  
  39  6:31  Missile Turret  
  36  6:43  Siege Tank  
  39  6:51  Missile Turret  
  39  7:04  Missile Turret  
  42  7:15  Siege Tank, Missile Turret  
  42  7:24  Missile Turret  
  42  7:34  Marine  
  43  7:43  Hi-Sec Auto Tracking  
  43  7:45  Missile Turret  
  43  7:46  SCV  
  44  7:53  Supply Depot  
  44  7:58  SCV  
  44  8:05  Missile Turret  
  45  8:17  Missile Turret  
  45  8:26  Missile Turret  
  45  8:45  Missile Turret  
  45  8:50  Starport  
  45  8:58  SCV  
  46  9:09  Missile Turret  
  46  9:15  Command Center  
  46  9:27  Starport  
  46  9:29  Missile Turret  
  46  9:30  Marine  
  47  9:52  Missile Turret  
  47  10:04  Starport  
  47  10:12  Missile Turret  
  47  10:42  Starport  
  47  10:43  Sensor Tower  
  47  11:06  Viking  
  48  11:12  Viking  
  48  11:13  Viking  
  52  11:21  Liberator  
  55  11:43  Liberator  
  58  12:02  Orbital Command  
  58  12:11  Starport Tech Lab  
  58  12:16  Starport Tech Lab  
  58  12:18  Starport Tech Lab  
  58  12:40  Raven  
  60  12:47  Raven  
  60  12:50  Liberator  
  65  12:58  Viking  
  67  13:10  Armory  
  67  13:27  Viking  
  69  13:58  Supply Depot  
  69  14:00  Supply Depot  
  45  14:21  Supply Depot  
  45  14:23  Supply Depot  
Show
View Real Time Build Order
Export as new Build Order

Raynar Protoss 

Build Orders:  

Get SALT Encoding   

  12  0:01  Probe  
  13  0:13  Probe  
  14  0:18  Pylon  
  14  0:25  Probe  
  15  0:37  Probe  
  16  0:49  Probe  
  17  1:01  Probe  
  18  1:13  Probe  
  18  1:15  Nexus  
  18  1:18  Pylon  
  19  1:26  Gateway  
  19  1:32  Assimilator  
  19  1:40  Forge  
  19  1:46  Probe  
  20  1:52  Pylon  
  20  1:58  Probe (Chrono Boost)  
  21  2:05  Gateway  
  21  2:10  Probe (Chrono Boost)  
  22  2:17  Zealot  
  22  2:19  Probe (Chrono Boost)  
  25  2:24  Probe  
  25  2:26  Cybernetics Core  
  26  2:33  Pylon  
  26  2:38  Probe (Chrono Boost)  
  27  2:50  Zealot, Probe (Chrono Boost)  
  30  2:55  Zealot  
  30  2:58  Probe (Chrono Boost)  
  33  3:03  Gateway  
  33  3:04  Probe  
  33  3:11  Photon Cannon  
  34  3:16  Warp Gate (Chrono Boost)  
  34  3:18  Photon Cannon  
  34  3:23  Probe (Chrono Boost)  
  36  3:34  Probe (Chrono Boost)  
  36  3:35  Stalker  
  36  3:39  Probe (Chrono Boost)  
  39  3:42  Assimilator, Probe  
  40  3:50  Protoss Ground Weapons Level 1 (Chrono Boost), Probe  
  40  3:54  Probe  
  42  4:02  Probe  
  43  4:04  Shield Battery  
  43  4:06  Probe  
  44  4:14  Gateway  
  44  4:15  Assimilator  
  44  4:19  Shield Battery  
  44  4:22  Probe (Chrono Boost)  
  46  4:32  Probe (Chrono Boost)  
  46  4:33  Pylon, Gateway  
  46  4:35  Pylon  
  46  4:37  Probe (Chrono Boost)  
  46  4:41  Probe  
  48  4:46  Twilight Council  
  48  4:48  Probe  
  48  4:51  Pylon  
  49  4:53  Robotics Facility  
  49  4:59  Gateway  
  49  5:00  Probe  
  50  5:07  Sentry  
  50  5:10  Stalker  
  54  5:21  Stalker  
  56  5:38  Photon Cannon  
  56  5:42  Stalker x2  
  55  5:43  Shield Battery  
  55  5:47  Probe  
  50  5:55  Stalker x2  
  54  6:00  Probe  
  55  6:10  Observer  
  56  6:12  Probe  
  57  6:24  Probe  
  58  6:34  Sentry  
  60  6:43  Probe (Chrono Boost)  
  60  6:44  Warp Prism (Chrono Boost)  
  61  6:51  Blink (Chrono Boost)  
  61  6:53  Probe (Chrono Boost)  
  64  6:58  Probe (Chrono Boost)  
  65  7:10  Probe  
  51  7:17  Stalker  
  51  7:18  Stalker x2  
  51  7:22  Probe  
  48  7:32  Zealot  
  48  7:34  Zealot x2  
  54  7:42  Zealot x3  
  60  7:55  Stalker  
  60  7:56  Stalker  
  55  8:10  Zealot x4  
  59  8:18  Probe (Chrono Boost)  
  60  8:23  Probe (Chrono Boost)  
  62  8:29  Probe (Chrono Boost)  
  62  8:30  Zealot x2  
  62  8:32  Probe (Chrono Boost)  
  67  8:35  Probe (Chrono Boost)  
  67  8:36  Probe (Chrono Boost)  
  69  8:45  Probe  
  69  8:47  Probe  
  71  8:57  Probe  
  71  8:59  Probe  
  71  9:01  Stalker  
  71  9:02  Stalker x3  
  81  9:03  Stalker  
  83  9:18  Nexus  
Show
View Real Time Build Order
Export as new Build Order

Throwfordays Protoss - Winner!

Build Orders: 1 Gate Expand 

Get SALT Encoding   

  12  0:01  Probe  
  13  0:13  Probe  
  14  0:25  Probe  
  14  0:27  Pylon  
  15  0:45  Probe (Chrono Boost)  
  15  0:46  Gateway  
  16  0:55  Assimilator  
  17  0:57  Probe (Chrono Boost)  
  17  1:16  Nexus  
  17  1:19  Probe (Chrono Boost)  
  18  1:31  Probe (Chrono Boost)  
  19  1:37  Probe (Chrono Boost)  
  19  1:38  Cybernetics Core  
  20  1:48  Assimilator  
  20  1:52  Pylon  
  20  1:57  Probe  
  21  2:09  Probe  
  22  2:17  Pylon  
  23  2:23  Probe (Chrono Boost)  
  23  2:29  Probe (Chrono Boost)  
  24  2:31  Stargate  
  25  2:37  Warp Gate  
  25  2:38  Probe x2 (Chrono Boost)  
  25  2:43  Adept  
  28  2:45  Probe (Chrono Boost)  
  30  2:51  Probe (Chrono Boost)  
  30  2:57  Probe (Chrono Boost)  
  30  2:58  Assimilator  
  31  3:01  Assimilator  
  31  3:03  Probe (Chrono Boost)  
  31  3:04  Probe (Chrono Boost)  
  33  3:11  Probe  
  34  3:14  Probe  
  35  3:22  Void Ray  
  40  3:29  Probe (Chrono Boost)  
  40  3:31  Probe (Chrono Boost)  
  41  3:40  Probe (Chrono Boost)  
  43  3:42  Probe (Chrono Boost)  
  43  3:47  Pylon  
  45  3:48  Probe (Chrono Boost)  
  45  3:50  Adept, Probe (Chrono Boost)  
  45  3:53  Probe (Chrono Boost)  
  48  3:58  Probe  
  48  3:59  Stargate  
  49  4:08  Probe  
  50  4:10  Probe  
  51  4:18  Void Ray  
  51  4:20  Probe  
  56  4:29  Protoss Air Weapons Level 1 (Chrono Boost)  
  56  4:45  Void Ray  
  60  5:05  Probe  
  61  5:09  Pylon  
  61  5:11  Stargate  
  61  5:13  Pylon  
  61  5:19  Pylon  
  61  5:27  Void Ray  
  65  5:33  Nexus  
  65  6:09  Void Ray x3  
  77  6:22  Probe  
  78  6:31  Protoss Air Armor Level 1  
  78  6:33  Stargate  
  78  6:34  Stargate, Probe  
  78  6:38  Forge  
  78  6:39  Forge  
  79  6:41  Fleet Beacon  
  79  7:07  Probe (Chrono Boost)  
  80  7:15  Assimilator  
  80  7:17  Probe (Chrono Boost)  
  80  7:20  Assimilator, Void Ray x3  
  80  7:21  Void Ray  
  80  7:22  Probe (Chrono Boost)  
  98  7:31  Pylon  
  98  7:33  Pylon  
  98  7:34  Probe  
  99  7:37  Pylon  
  99  7:46  Probe  
  100  8:02  Probe (Chrono Boost)  
  101  8:12  Probe (Chrono Boost)  
  102  8:17  Probe (Chrono Boost)  
  102  8:18  Void Ray x2  
  102  8:19  Void Ray x2  
  119  8:28  Probe  
  120  8:40  Probe  
  121  8:53  Probe (Chrono Boost)  
  122  8:59  Pylon  
  122  9:01  Pylon  
  122  9:02  Pylon  
  122  9:05  Pylon, Probe (Chrono Boost)  
  122  9:06  Pylon  
  123  9:11  Probe (Chrono Boost)  
  123  9:13  Protoss Shields Level 1  
  124  9:17  Void Ray x2  
  124  9:18  Void Ray x2  
  124  9:19  Probe  
  141  9:31  Probe  
  142  9:55  Nexus  
  142  9:57  Pylon  
  142  9:59  Pylon  
  142  10:01  Assimilator  
  142  10:06  Assimilator  
  140  10:11  Void Ray  
  140  10:12  Void Ray x4  
  160  10:34  Probe (Chrono Boost)  
  162  10:42  Probe (Chrono Boost)  
  163  10:51  Probe (Chrono Boost)  
  163  10:52  Probe (Chrono Boost)  
  164  10:57  Void Ray, Probe (Chrono Boost)  
  164  10:58  Void Ray x3  
  181  11:04  Pylon  
  181  11:06  Pylon  
  181  11:07  Pylon, Void Ray  
  181  11:09  Probe  
  181  11:10  Pylon  
  186  11:11  Pylon  
  186  11:14  Pylon  
  186  11:15  Protoss Air Weapons Level 2 (Chrono Boost), Pylon  
  186  11:17  Pylon  
  186  11:25  Cybernetics Core  
  186  11:32  Probe (Chrono Boost)  
  188  11:42  Probe (Chrono Boost)  
  188  11:45  Probe (Chrono Boost)  
  188  11:46  Probe (Chrono Boost)  
  190  11:52  Probe (Chrono Boost)  
  193  11:54  Probe (Chrono Boost)  
  193  11:55  Twilight Council  
  193  11:56  Probe (Chrono Boost)  
  193  11:59  Probe x2 (Chrono Boost)  
  195  12:10  Probe  
  195  12:13  Protoss Air Armor Level 2 (Chrono Boost)  
  196  12:44  Void Ray  
Tags
 
Add a new tag
Caveats
  • Supply blocks, unpowered buildings, or Contaminate may cause inaccurate times.
  • Supply counts are checked every 10 seconds.